 Dungeon Crawl Stone Soup version 0.27-a0-538-g15ff5c5295 (webtiles) character file.

Game seed: 8231433888403167611

99 Frqise the Skirmisher (level 4, -3/41 HPs)
             Began as a Minotaur Berserker on Mar 6, 2021.
             Was a Believer of Trog.
             Slain by a gnoll
             ... wielding a +0 flail
              (6 damage)
             ... on level 2 of the Dungeon.
             The game lasted 00:01:20 (1359 turns).

Frqise the Skirmisher (Minotaur Berserker)          Turns: 1359, Time: 00:01:20

Health: -3/41      AC:  2    Str: 22    XL:     4   Next: 45%
Magic:  3/3        EV: 12    Int:  4    God:    Trog [**....]
Gold:   66         SH:  0    Dex: 10    Spells: 3/3 levels left

rFire    . . .     SeeInvis .   a - +0 hand axe
rCold    . . .     Faith    .   (no shield)
rNeg     . . .     Spirit   .   b - +0 animal skin
rPois    .         Reflect  .   (helmet restricted)
rElec    .         Harm     .   (no cloak)
rCorr    .         Rampage  .   (no gloves)
Will     .....                  (no boots)
Stlth    +.........             (no amulet)
HPRegen  0.13/turn              (no ring)
MPRegen  0.08/turn              (no ring)

@: no status effects
A: horns 2, retaliatory headbutt
a: Renounce Religion, Berserk, Trog's Hand


You were on level 2 of the Dungeon.
You worshipped Trog.
Trog was pleased with you.
You visited 1 branch of the dungeon, and saw 2 of its levels.

You collected 66 gold pieces.

Inventory:

Hand Weapons
 a - a +0 hand axe (weapon)
Armour
 b - a +0 animal skin (worn)
Jewellery
 e - a ring of willpower
Scrolls
 g - a scroll of amnesia {unknown}
 h - a scroll of immolation {unknown}
 j - a scroll of identify {unknown}
 k - a scroll of teleportation {unknown}
Potions
 c - a potion of lignification {unknown}
 d - 2 potions of curing {unknown}
 f - 2 potions of might {unknown}
 i - a potion of invisibility {unknown}


   Skills:
 + Level 4.8 Fighting
 + Level 4.6 Axes
 + Level 2.6 Armour
 + Level 3.2 Dodging
 + Level 0.3 Stealth


You had 3 spell levels left.
You didn't know any spells.
Your spell library was empty.

Dungeon Overview and Level Annotations

Branches:
Dungeon (2/15)

Altars:


Innate Abilities, Weirdness & Mutations

You have a pair of horns on your head.
You reflexively headbutt those who attack you in melee.


Message History

A gnoll comes into view. It is wielding a +0 flail.
You hit the gnoll. Your headbutt misses the gnoll.
The gnoll is moderately wounded.
The gnoll closely misses you. You furiously retaliate!
You headbutt the gnoll. You hit the gnoll but do no damage.
Your headbutt misses the gnoll.
The gnoll is severely wounded.
The gnoll closely misses you. You furiously retaliate!
You headbutt the gnoll, but do no damage.
The gnoll misses you.
You hit the gnoll but do no damage.
You headbutt the gnoll, but do no damage.
The gnoll is severely wounded.
The gnoll barely misses you. You furiously retaliate!
You headbutt the gnoll!
You kill the gnoll!
Trog accepts your kill.
The gnoll hits you from afar with a +0 spear.
An adder comes into view.
The gnoll throws a javelin.
The javelin pierces through you. The gnoll hits you with a +0 spear.
The gnoll barely misses you. You furiously retaliate!
You headbutt the gnoll. The gnoll hits you with a +0 spear!
* * * LOW HITPOINT WARNING * * *
You hit the gnoll. You headbutt the gnoll!
You kill the gnoll!
Trog accepts your kill.
You hit the gnoll but do no damage. The gnoll closely misses you.
You furiously retaliate!
You headbutt the gnoll, but do no damage.
The gnoll hits you with a +0 flail!
* * * LOW HITPOINT WARNING * * *
You see here a +0 spear.
You slash the gnoll!
You headbutt the gnoll, but do no damage.
The gnoll is almost dead.
You barely miss the adder. The adder closely misses you.
You furiously retaliate!
You headbutt the adder! You hit the gnoll but do no damage.
Your headbutt misses the gnoll.
The gnoll is almost dead.
You hit the adder but do no damage. The gnoll hits you with a +0 flail.
You die...

#####
############...########
.....$................
#....................
.##...........#.......[
..............#....(...
#.....[....)'<.......
##........####†.......
#....g@...# #†.......
......S....# #........
...........# #........
.......##.... #........
.#..... #.##.##........
#..... #.# ..(...(....
#####. .# .......... ##
#####.### .#


You could see a gnoll and an adder.

Vanquished Creatures
  2 adders (D:2)
  3 gnolls (D:2)
  An ooze (D:1)
  A worm (D:2)
  A dart slug (D:2)
  A leopard gecko (D:1)
  3 giant cockroaches (D:1)
  3 hobgoblins (D:1)
  11 jackals
  A kobold (D:1)
  4 bats
  3 frilled lizards (D:1)
  3 goblins (D:1)
  2 rats (D:1)
39 creatures vanquished.

Notes
Turn   | Place    | Note
-------+----------+-------------------------------------------
     0 | D:1      | Frqise the Minotaur Berserker began the quest for the Orb.
     0 | D:1      | Reached XP level 1. HP: 19/19 MP: 0/0
   227 | D:1      | Reached XP level 2. HP: 26/27 MP: 1/1
   800 | D:1      | Reached XP level 3. HP: 28/33 MP: 2/2
  1014 | D:1      | Reached ** piety under Trog
  1308 | D:2      | Reached XP level 4. HP: 34/41 MP: 3/3
  1357 | D:2      | HP: 2/41 [gnoll/+0 flail (9)]
  1359 | D:2      | Slain by a gnoll

Illustrated notes

Levels and vault maps discovered:
D:1:      dpeg_arrival_renting, layout_basic
D:2:      layout_basic

Skill      XL: |  1  2  3 |
---------------+----------+-----
Axes           | 4 |  4.6
Fighting       | 4 |  4.8
Dodging        | 3 |  3.2
Armour         | |  2.6
Stealth        | |  0.3

Action                   |  1- 3 |  4- 6 || total
-------------------------+-------+-------++-------
Melee: Hand axe          |    77 |    14 ||    91
       Headbutt          |     6 |     4 ||    10
 Stab: Sleeping          |     1 |       ||     1
Armor: Animal skin       |    17 |       ||    17
Dodge: Dodged            |    69 |    12 ||    81

Table legend: (Time is in decaauts)
 A = Elapsed time spent in this place.
 B = Non-inter-level travel time spent in this place.
 C = Inter-level travel time spent in this place.
 D = Time resting spent in this place.
 E = Time spent auto-exploring this place.
 F = Levels seen in this place.
 G = Mean time per level.
                   A        B        C        D        E       F      G
               +--------+--------+--------+--------+--------+-----+--------+
         Total |   1366 |   1352 |     14 |     61 |   1064 |   2 |  683.0 |
       Dungeon |   1366 |   1352 |     14 |     61 |   1064 |   2 |  683.0 |
               +--------+--------+--------+--------+--------+-----+--------+

Top non-repeatable levels by time:
     D:1: 1214 daAuts
     D:2: 152 daAuts
